 Dungeon Crawl Stone Soup version 0.23.0-33-g5e6c059 (webtiles) character file.

Game seed: 0

5662 Fang the Fighter (level 10, -15/66 HPs)
             Began as a Gargoyle Berserker on Feb 25, 2019.
             Was a High Priest of Trog.
             Demolished by Harold
             ... wielding a +0 flail
              (18 damage)
             ... on level 9 of the Dungeon on Feb 26, 2019.
             The game lasted 00:08:28 (8140 turns).

Fang the Fighter (Gargoyle Berserker)               Turns: 8140, Time: 00:08:29

Health: -15/66     AC: 13    Str: 26    XL:     10   Next: 75%
Magic:  10/10      EV: 14    Int:  9    God:    Trog [*****.]
Gold:   275        SH:  0    Dex:  9    Spells: 9/9 levels left

rFire    . . .     SeeInvis +   s - +2 war axe (elec)
rCold    . . .     Gourm    .   (no shield)
rNeg     + . .     Faith    .   a - +0 leather armour "Dajuathoig" {Str+3 SInv Stlth+}
rPois    ∞         Spirit   .   (no helmet)
rElec    +         Reflect  .   w - +1 cloak
rCorr    .         Harm     .   (no gloves)
MR       .....                  (no boots)
Stlth    ++........             (no amulet)
HPRegen  0.21/turn              (no ring)
MPRegen  0.12/turn              (no ring)

@: about to teleport, marked, berserk cooldown, slowed, very slow
A: negative energy resistance 1, electricity resistance, unbreathing,
petrification resistance, rot immunity, AC +7
a: Berserk, Trog's Hand, Brothers in Arms, Renounce Religion


You were on level 9 of the Dungeon.
You worshipped Trog.
Trog was extremely pleased with you.
You were near starving.

You visited 2 branches of the dungeon, and saw 10 of its levels.
You also visited: Sewer.

You collected 517 gold pieces.
You spent 242 gold pieces at shops.

Inventory:

Hand Weapons
 s - a +2 war axe of electrocution (weapon)
 t - a +0 war axe
Armour
 a - the +0 leather armour "Dajuathoig" (worn) {Str+3 SInv Stlth+}
   (You found it on level 6 of the Dungeon)

   It affects your strength (+3).
   It lets you see invisible.
   It makes you more stealthy.
 b - a +0 plate armour
 w - a +1 cloak (worn)
Wands
 l - a wand of scattershot (5)
 o - a wand of acid (14)
 u - a wand of polymorph (12)
 y - a wand of paralysis (10)
Scrolls
 d - a scroll of fear {unknown}
 f - 10 scrolls of identify {unknown}
 h - a scroll of teleportation
 j - 4 scrolls of remove curse
 k - 2 scrolls of enchant armour {unknown}
 m - a scroll of magic mapping {unknown}
 n - 5 scrolls of amnesia {unknown}
 p - 2 scrolls of enchant weapon {unknown}
 x - a scroll of blinking {unknown}
 B - a scroll of fog {unknown}
Potions
 e - a potion of cancellation {unknown}
 g - a potion of magic {unknown}
 i - 2 potions of berserk rage {unknown}
 q - a potion of agility {unknown}
 r - a potion of haste {unknown}
 v - a potion of curing {unknown}
 A - 2 potions of degeneration {unknown}
Comestibles
 c - 17 rations


   Skills:
 + Level 9.2 Fighting
 + Level 7.7 Axes
 + Level 8.9 Armour
 + Level 6.8 Dodging


You had 9 spell levels left.
You didn't know any spells.
Your spell library was empty.

Dungeon Overview and Level Annotations

Branches:
Dungeon (9/15)             Temple (1/1) D:6
   Lair: D:8-11         Orc: D:9-12

Altars:
Cheibriados
Kikubaaqudgha
Qazlal
Trog
The Shining One

Shops:
D:4 }*(?   D:8 =

Annotations:
D:9 Harold


Innate Abilities, Weirdness & Mutations

You are resistant to torment.
Your stone body is resilient. (AC +7)
You are immune to poison.
You resist negative energy. (rN+)
You are resistant to electric shocks. (rElec)
You can survive without breathing.
You are immune to petrification.
You are immune to rotting.


Message History

A wight comes into view. It is wielding a +0 dire flail.
You shred the net and break free!
A wight comes into view. It is wielding a +0 halberd.
Harold hits you with a +0 flail!
* * * LOW HITPOINT WARNING * * *
A yak comes into view.
As you read the scroll labeled IFROWI YGAG, it crumbles to dust.
You feel as if something is helping you.
It was a scroll of remove curse.
Harold hits you with a +0 flail!
* * * LOW HITPOINT WARNING * * *
A yak comes into view.
A wight comes into view. It is wielding a +2 mace.
Harold closely misses you.
As you read the scroll labeled LICUABBUADD, it crumbles to dust.
You feel strangely unstable.
It was a scroll of teleportation.
The yak barely misses you.
A yak comes into view.
A wight comes into view. It is wielding a +0 hand axe.
Harold hits you with a +0 flail!!
You die...

.#.# #...........
..... #.<........
#....####)#........
#.....##........
#.#.............
####Y...........
#..Y............
##..Y............
#...@z...........
##)@....z........
.##.†...z.z......
#...a............<#
#.$....[...$†..z....
#...........†...##..
...##.#.........# .
... ####......### #.
#......##


You could see Harold, 3 yaks, a soldier ant and 5 wights.

Vanquished Creatures
  Pikel (D:4)
  Psyche (D:9)
  A hornet (D:9)
  2 trolls (D:7)
  A wyvern (D:9)
  A wraith (D:8)
  4 slaves (D:4)
  2 sky beasts (D:9)
  2 orc warriors
  A necrophage (D:7)
  5 ogres
  2 phantoms
  A centaur (D:6)
  An eye of draining (D:7)
  An elf skeleton (D:8)
  6 bullfrogs
  An elf zombie (D:8)
  4 scorpions
  A troll zombie (D:8)
  6 wights
  5 howler monkeys
  3 crimson imps
  A bullfrog zombie (D:5)
  2 human zombies (D:8)
  4 bullfrog skeletons
  6 hounds
  2 jellies
  5 orc wizards
  A centaur zombie (D:5)
  An orc priest (D:4)
  2 gnoll shamans
  Jessica (D:2)
  7 worker ants
  Ijyb (D:5)
  An iguana (D:7)
  4 mummies (D:8)
  12 gnolls
  11 adders
  2 shadow imps (D:6)
  10 oozes
  An adder skeleton (D:6)
  6 worms
  2 dart slugs (D:2)
  16 leopard geckos
  18 orcs
  19 giant cockroaches
  6 goblins
  5 hobgoblins
  7 jackals
  3 quokkas
  8 ball pythons
  6 bats
  10 frilled lizards
  A giant cockroach zombie (D:5)
  4 kobolds
  An orc zombie (D:8)
  A quokka skeleton (D:6)
  10 rats
249 creatures vanquished.

Notes
Turn   | Place    | Note
-------+----------+-------------------------------------------
     0 | D:1      | Fang the Gargoyle Berserker began the quest for the Orb.
     0 | D:1      | Reached XP level 1. HP: 14/14 MP: 1/1
   181 | D:1      | Reached XP level 2. HP: 19/19 MP: 2/2
   388 | D:1      | Reached XP level 3. HP: 23/23 MP: 3/3
   447 | D:1      | Reached ** piety under Trog
   756 | D:2      | Noticed Jessica
   763 | D:2      | Killed Jessica
   763 | D:2      | Reached XP level 4. HP: 14/29 MP: 4/4
   770 | D:2      | Reached skill level 4 in Fighting
  1821 | D:3      | Reached XP level 5. HP: 30/33 MP: 5/5
  1921 | D:3      | Noticed a phantom
  1978 | D:3      | Killed a phantom
  1978 | D:3      | Reached XP level 6. HP: 19/39 MP: 6/6
  2312 | D:3      | Found a stormy altar of Qazlal.
  2411 | D:3      | Reached *** piety under Trog
  2778 | D:4      | Found Houcucau's Gadget Shop.
  2783 | D:4      | Found Hufeipy's Assorted Antiques.
  2796 | D:4      | Reached skill level 5 in Fighting
  2796 | D:4      | Reached XP level 7. HP: 39/44 MP: 7/7
  2856 | D:4      | Found a bloodstained altar of Trog.
  3024 | D:4      | Found Haxy's Magic Scroll Boutique.
  3286 | D:4      | Found Tulem's Weapon Boutique.
  3439 | D:4      | Noticed Pikel
  3514 | D:4      | Killed Pikel
  3514 | D:4      | Reached skill level 6 in Fighting
  3514 | D:4      | Reached skill level 5 in Axes
  3514 | D:4      | Reached skill level 5 in Armour
  3514 | D:4      | Reached XP level 8. HP: 35/51 MP: 8/8
  3842 | D:5      | Entered Level 5 of the Dungeon
  4347 | D:4      | Bought a +2 war axe of electrocution for 207 gold pieces
  4347 | D:4      | Bought a +0 war axe for 35 gold pieces
  4678 | D:5      | Noticed Ijyb
  4684 | D:5      | Killed Ijyb
  4843 | D:6      | Reached **** piety under Trog
  4870 | D:6      | Reached XP level 9. HP: 56/56 MP: 9/9
  4873 | D:6      | Reached skill level 7 in Fighting
  4875 | D:6      | Reached skill level 5 in Dodging
  4921 | D:6      | Found a glowing drain.
  4941 | Sewer    | Entered a sewer
  5168 | Sewer    | Reached ***** piety under Trog
  5315 | D:6      | Found a glowing golden altar of the Shining One.
  5522 | D:6      | Got a polished leather armour
  5533 | D:6      | Identified the cursed +0 leather armour "Dajuathoig" {Str+3
                  | SInv Stlth+} (You found it on level 6 of the Dungeon)
  5643 | D:6      | Found a staircase to the Ecumenical Temple.
  5651 | Temple   | Entered the Ecumenical Temple
  6000 | D:7      | Found a snail-covered altar of Cheibriados.
  6506 | D:7      | Reached skill level 8 in Fighting
  6517 | D:7      | Noticed a troll
  6945 | D:7      | Noticed a troll
  6952 | D:7      | Killed a troll
  6952 | D:7      | Reached XP level 10. HP: 64/64 MP: 10/10
  7578 | D:8      | Found Jexeus's Jewellery Emporium.
  7866 | D:8      | Found an ancient bone altar of Kikubaaqudgha.
  8072 | D:8      | Upgraded the game from 0.23.0-28-g6fe0f4d to
                  | 0.23.0-33-g5e6c059
  8074 | D:9      | Noticed Psyche
  8082 | D:9      | Killed Psyche
  8082 | D:9      | Reached skill level 9 in Fighting
  8128 | D:9      | Noticed Harold
  8139 | D:9      | HP: 2/66 [Harold/+0 flail (9)]
  8140 | D:9      | Demolished by Harold

Skill      XL: |  1  2  3  4  5  6  7  8  9 10 |
---------------+-------------------------------+-----
Axes           | 3 4 5 6 7 |  7.7
Dodging        | 2 3 4 6 |  6.8
Armour         | 3 4 5 6 7 8 |  8.9
Fighting       | 4 5 6 8 9 |  9.2

Action                   |  1- 3 |  4- 6 |  7- 9 | 10-12 || total
-------------------------+-------+-------+-------+-------++-------
Melee: Hand axe          |   110 |   253 |   165 |       ||   528
       War axe           |       |       |   259 |   132 ||   391
Invok: Berserk           |     2 |     1 |     3 |     1 ||     7
  Use: Scroll            |       |       |       |     2 ||     2
 Stab: Sleeping          |       |       |       |     2 ||     2
  Eat: Chunk             |     1 |     7 |    14 |     4 ||    26
       Ration            |       |       |     1 |       ||     1
Armor: Scale mail        |    62 |     2 |       |       ||    64
       Animal skin       |     2 |       |       |       ||     2
       Plate armour      |       |   204 |   287 |       ||   491
       Leather armour    |       |       |    36 |    63 ||    99
Dodge: Dodged            |    72 |   114 |   208 |    90 ||   484
